 Dungeon Crawl Stone Soup version 0.31-a0-198-g2ad674f65e (webtiles) character file.

Game seed: 4857784331518178027

26 qw the Shooter (level 2, -3/16 HPs)
             Began as a Deep Elf Hunter on June 25, 2023.
             Slain by a hobgoblin (4 damage)
             ... led by Robin
             ... on level 2 of the Dungeon.
             The game lasted 00:00:15 (702 turns).

qw the Shooter (Deep Elf Hunter)                     Turns: 702, Time: 00:00:15

Health: -3/16      AC:  5    Str:  8    XL:     2   Next: 89%
Magic:  4/4        EV: 10    Int: 13    God:
Gold:   57         SH:  0    Dex: 18    Spells: 1/1 levels left

rFire   . . .        Y - +0 shortbow
rCold   . . .        (shield currently unavailable)
rNeg    . . .        d - +0 ring mail
rPois   .            (no helmet)
rElec   .            (no cloak)
rCorr   .            (no gloves)
SInv    .            (no boots)
Will    .....        (no amulet)
Stlth   +            (no ring)
HPRegen 0.22/turn    (no ring)
MPRegen 0.09/turn

%: no passive effects
@: no status effects
A: no striking features
a: no special abilities


You were on level 2 of the Dungeon.
You visited 1 branch of the dungeon, and saw 2 of its levels.

You collected 57 gold pieces.


   Skills:
 - Level 1.5 Fighting
 + Level 6.6 Ranged Weapons
 - Level 2.4 Dodging
 - Level 1.2 Stealth


You had one spell level left.
You didn't know any spells.
Your spell library was empty.

Inventory:

Hand Weapons
 Y - a +0 shortbow (weapon)
Armour
 d - a +0 ring mail (worn)
Scrolls
 a - a scroll of noise {unknown}
 c - a scroll of enchant weapon {unknown}
Potions
 b - a potion of magic {unknown}
 g - a potion of attraction {unknown}
 j - a potion of enlightenment {unknown}
 k - a potion of heal wounds {unknown}
 l - a potion of ambrosia {unknown}

Dungeon Overview and Level Annotations

Branches:
Dungeon (2/15)

Altars:

Annotations:
D:2 Robin


Message History

You shoot an arrow. The arrow hits the goblin!
You kill the goblin!
A goblin comes into view. It is wielding a +0 dagger.
A goblin comes into view. It is wielding a +0 club. x2
A goblin comes into view. It is wielding a +0 dagger.
The goblin moves out of view.
You shoot an arrow. The goblin shouts!
The arrow hits the hobgoblin.
The hobgoblin is severely wounded.
Robin of the Strong Arm comes into view.
They are wielding a +0 falchion.
You shoot an arrow. The goblin shouts!
The arrow hits the hobgoblin.
The hobgoblin is almost dead.
Robin roars a battlecry!
The goblins go into a battle-frenzy!
You shoot an arrow. The arrow hits the hobgoblin.
You kill the hobgoblin!
You shoot an arrow.
The arrow hits the hobgoblin but does no damage.
The hobgoblin hits you but does no damage.
The hobgoblin hits you. Robin throws the goblin at you!
The goblin barely misses you.
You shoot an arrow. The arrow closely misses the goblin.
The hobgoblin barely misses you. Robin throws the goblin at you!
The goblin hits you but does no damage.
You shoot an arrow. The arrow hits the goblin!
You kill the goblin!
The goblin hits you with a +0 dagger. The hobgoblin completely misses you.
You shoot an arrow. The arrow hits the goblin.
The goblin is heavily wounded.
The goblin closely misses you. The hobgoblin closely misses you.
Robin throws the goblin at you! The goblin misses you.
The goblin hits you with a +0 dagger. The goblin hits you with a +0 club.
The hobgoblin barely misses you.
You shoot an arrow. The arrow barely misses the goblin.
The goblin hits you with a +0 dagger. The goblin closely misses you.
The hobgoblin hits you.
You die... ##.##...####. .).%.......'........ ##......####. ..... ####..## %.).. #.## .g. #.# ggg

#.# #g# #.# #g#
#.# ####@#
#.#######..gg##
#.[...........###
#########.......#
#.....#.#
#...#.#.#####
#............
##.....)#####
########


You could see Robin, 2 hobgoblins and 5 goblins.

Vanquished Creatures
  A ball python (D:1)
  2 endoplasms
  A giant cockroach (D:1)
  5 goblins
  6 hobgoblins
  A quokka (D:1)
  2 bats (D:1)
  A kobold (D:1)
  2 rats (D:1)
21 creatures vanquished.

Notes
Turn   | Place    | Note
-------+----------+-------------------------------------------
     0 | D:1      | qw the Deep Elf Hunter began the quest for the Orb.
     0 | D:1      | Reached XP level 1. HP: 12/12 MP: 3/3
     0 | D:1      | 0 ||| qw: Version: 0.3-a-22-g0ed2b0b
     0 | D:1      | 0 ||| qw: Game counter: 5242
     0 | D:1      | 0 ||| qw: Melee chars always use a shield: true
     0 | D:1      | 0 ||| qw: God list: Okawaru
     0 | D:1      | 0 ||| qw: Allow faded altars: false
     0 | D:1      | 0 ||| qw: Do Orc after clearing Dungeon:15 true
     0 | D:1      | 0 ||| qw: Do second Lair branch before Depths: true
     0 | D:1      | 0 ||| qw: Lair rune preference: random
     0 | D:1      | 0 ||| qw: Goals: Normal
     0 | D:1      | 0 ||| PLANNING D:1-11
   227 | D:1      | Reached XP level 2. HP: 16/16 MP: 4/4
   233 | D:1      | Reached skill level 6 in Ranged Weapons
   485 | D:1      | Found a faded altar of an unknown god.
   497 | D:1      | 497 ||| UPGRADING to +0 ring mail.
   507 | D:1      | 507 ||| DROPPING +0 leather armour.
   508 | D:1      | 508 ||| READING scroll labelled GERECO LIRCHUL.
   509 | D:1      | 509 ||| READING scroll labelled BACLYA WIEZOO.
   510 | D:1      | 510 ||| READING 4 scrolls labelled IHEAJUFR GOATIROKI.
   511 | D:1      | 511 ||| READING scroll labelled HESYLAENIMP.
   539 | D:1      | 539 ||| DROPPING scroll of butterflies.
   540 | D:1      | 540 ||| DROPPING 3 scrolls of blinking.
   695 | D:2      | Noticed Robin
   701 | D:2      | HP: 4/16 [goblin/+0 dagger[Robin] (2)]
   702 | D:2      | HP: 1/16 [goblin/+0 dagger[Robin] (2)]
   702 | D:2      | Slain by a hobgoblin

Levels and vault maps discovered:
D:1:      ncdulo_halloftheorcs, layout_basic,
          hellmonk_ecumenical_altar_heavens_door
D:2:      layout_loops_corners, minmay_lizard_king, uniq_robin, uniq_jessica

Skill      XL: |  1  2 |
---------------+-------+-----
Ranged Weapons | 6 |  6.6
Fighting       | |  1.5
Dodging        | |  2.4
Stealth        | |  1.2

Action                     || total
---------------------------++-------
   Fire: Shortbow          ||    52
    Use: Scroll            ||     4
 Armour: Leather armour    ||     3
         Ring mail         ||     4
  Dodge: Dodged            ||    13

Table legend:
 A = Non-vault XP
 B = Vault XP
 C = Vault XP percentage of total XP
 D = Non-vault monster count
 E = Vault monster count
 F = Vault count percentage of total count
                 A         B        C        D         E       F
            +---------+---------+-------+---------+---------+-------
      Total |      30 |       8 |  21.1 |      17 |       4 |  19.0
            +---------+---------+-------+---------+---------+-------
        D:1 |      22 |       0 |   0.0 |      13 |       0 |   0.0
        D:2 |       8 |       8 |  50.0 |       4 |       4 |  50.0
            +---------+---------+-------+---------+---------+-------
